AoeStats
← Pwncakes

Arena

510377630Analyzed
2v2 RM · 2d ago on Sep 30, 2026· 36m 7s· 4 players
Game mode
Random Map
Map size
Medium (4 player)
Population
200
Speed
Normal
Resources
Standard
Victory
Conquest
Starting age
Dark Age
Ending age
Imperial Age
RankedLock teamsTeams togetherTeam positionsShared explorationLock speedFull tech treeHidden civsTurbo modeCheats
Victory
Defeat
🇹🇷 Danes · Türkiye
1352
+14
🇹🇷 Bohemians · Türkiye
1209
+20
🇬🇧 Celts · United Kingdom
1297
-17
🇺🇸 Slavs · United States
1291
-17
JoyStick
10:25 Feudal Age
14:27 Castle Age
12:23 Loom
12:39 Stone Mining
13:23 Double-Bit Axe
13:59 Horse Collar
21:02 Arson
26:55 Squires
28:43 Forging
28:33 Scale Mail Armor
29:53 Wheelbarrow
29:03 Town Watch
edge2147
10:08 Feudal Age
14:11 Castle Age
12:35 Horse Collar
13:31 Double-Bit Axe
14:42 Loom
21:45 Wheelbarrow
24:55 Bow Saw
28:30 Imperial Age
26:52 Scale Mail Armor
27:02 Forging
28:08 Padded Archer Armor
27:58 Fletching
30:18 Chemistry
29:40 Leather Archer Armor
30:01 Bodkin Arrow
32:21 Block Printing
32:12 Siphons
33:21 Guard Tower
EnglishFrank
0:28 Loom
10:12 Feudal Age
11:04 Double-Bit Axe
16:40 Castle Age
14:32 Horse Collar
15:22 Forging
16:08 Scale Mail Armor
16:29 Gold Mining
18:30 Chain Mail Armor
27:22 Arson
Pwncakes
1:15 Loom
10:12 Feudal Age
14:48 Castle Age
13:05 Double-Bit Axe
13:32 Horse Collar
14:22 Man-at-Arms
15:05 Loom
15:21 Gold Mining
16:36 Long Swordsman
20:00 Squires
20:04 Scale Mail Armor
26:40 Squires
28:03 Chain Mail Armor
Connection lost

Rejoining the realm…

Still unreachable

The connection could not be restored.

Session expired

The server has moved on; the page needs a fresh start.